 Dungeon Crawl Stone Soup version 0.32-a0-666-ge8a88695a4 (webtiles) character file.

Game seed: 3703531378416773487

1791 dialectric the Shield-Bearer (level 8, -1/73 HPs)
             Began as a Minotaur Fighter on Mar 9, 2024.
             Slain by a warg (19 damage)
             ... on level 9 of the Dungeon.
             The game lasted 00:09:16 (5808 turns).

dialectric the Shield-Bearer (Minotaur Fighter)     Turns: 5808, Time: 00:09:16

Health: -1/73      AC:  7    Str: 21      XL:     8   Next: 82%
Magic:  7/7        EV: 11    Int:  5      God:
Gold:   135        SH:  5    Dex: 11 (12) Spells: 7/7 levels left

rFire   . . .        E - +2 hand cannon (heavy)
rCold   . . .        c - +0 buckler
rNeg    . . .        B - +0 ring mail {rPois}
rPois   +            (helmet restricted)
rElec   .            (no cloak)
rCorr   .            (no gloves)
SInv    .            u - +0 pair of boots
Will    .....        A - amulet of regeneration
Stlth   +            (no ring)
HPRegen 1.12/turn    (no ring)
MPRegen 0.10/turn

%: no passive effects
@: no status effects
A: horns 2, retaliatory headbutt
a: no special abilities


You were on level 9 of the Dungeon.
You visited 1 branch of the dungeon, and saw 9 of its levels.

You collected 354 gold pieces.
You spent 219 gold pieces at shops.

Inventory:

Hand Weapons
 a - a +0 flail
 y - a +4 whip
 E - a +2 heavy hand cannon (weapon)
Missiles
 f - 3 throwing nets
Armour
 b - a +0 scale mail
 c - a +0 buckler (worn)
 u - a +0 pair of boots (worn)
 B - a +0 ring mail of poison resistance (worn)
Jewellery
 e - a ring of ice
 r - an amulet of guardian spirit
 A - an amulet of regeneration (around neck)
 D - an amulet of magic regeneration
Scrolls
 d - a scroll of fog {unknown}
 g - a scroll of fear {unknown}
 j - a scroll of silence {unknown}
 k - 2 scrolls of revelation
 l - a scroll of noise {unknown}
 n - 2 scrolls of blinking
 o - a scroll of torment {unknown}
 p - a scroll of enchant weapon {unknown}
 s - 2 scrolls of teleportation
 v - 2 scrolls of immolation {unknown}
 w - 2 scrolls of poison {unknown}
Potions
 h - 3 potions of ambrosia
 i - a potion of attraction
 m - a potion of haste
 q - a potion of curing
 t - a potion of enlightenment
 x - a potion of degeneration
 z - a potion of invisibility
 C - a potion of lignification


   Skills:
 + Level 7.3 Fighting
 - Level 6.1 Maces & Flails
 * Level 3.2 Ranged Weapons
 + Level 7.3 Armour
 - Level 3.1 Dodging
 * Level 7.6 Shields


You had 7 spell levels left.
You didn't know any spells.
Your spell library contained the following spells:

 Spells                   Type           Power      Damage    Failure   Level
 Ensorcelled Hibernation  Hex/Ice        0%         N/A       83%         2
 Fugue of the Fallen      Necr           0%         N/A       96%         3
 Inner Flame              Hex/Fire       0%         N/A       96%         3
 Stone Arrow              Conj/Erth      0%         3d7       96%         3
 Vampiric Draining        Necr           0%         2d6       96%         3
 Anguish                  Hex/Necr       0%         N/A       100%        4
 Animate Armour           Summ/Erth      0%         N/A       100%        4
 Cause Fear               Hex            0%         N/A       100%        4
 Flame Wave               Conj/Fire      0%         2d4       100%        4
 Sticky Flame             Fire/Alch      0%         2d4       100%        4
 Vhi's Electric Charge    Tloc/Air       0%         N/A       100%        4
 Fireball                 Conj/Fire      0%         3d3       100%        5
 Lehudib's Crystal Spear  Conj/Erth      0%         10d2      100%        8
 Dragon's Call            Summ           0%         N/A       100%        9


Dungeon Overview and Level Annotations

Branches:
Dungeon (9/15)             Temple (0/1) D:4             Orc (0/2) D:9
   Lair: D:8-11

Altars:
Gozag
Okawaru
Trog

Shops:
D:7 (

Annotations:
D:2 Pikel


Innate Abilities, Weirdness & Mutations

You have a pair of horns on your head.
You reflexively headbutt those who attack you in melee.


Message History

The quasit is almost dead.
You hear a shout!
You hear a howl!
You hear a shout!
The quasit bites you.
You feel clumsy.
The quasit claws you but does no damage.
You block the quasit's attack.
A warg comes into view.
The quasit closely misses you.
The quasit claws you but does no damage.
The quasit barely misses you.
An orc comes into view. It is wielding a +0 mace.
The quasit misses you.
The quasit claws you but does no damage.
You block the quasit's attack. The quasit bites you.
The quasit claws you but does no damage.
The quasit barely misses you.
Unknown command.
You shoot a slug. The slug misses the quasit.
The quasit completely misses you. You block the quasit's attack.
The quasit misses you. The orc closely misses you.
You block the quasit's attack.
The quasit claws you but does no damage. x2
The orc closely misses you.
The quasit bites you but does no damage.
The quasit closely misses you. The quasit barely misses you.
The orc hits you but does no damage.
The orc warrior hits you from afar with a +2 trident of holy wrath!
An orc warrior comes into view. It is wielding a +0 glaive.
You shoot a slug. The slug hits the quasit!!
You kill the quasit!
The orc warrior barely misses you.
An orc comes into view. It is wielding a +0 whip.
The warg bites you! The orc closely misses you.
The orc warrior hits you from afar with a +2 trident of holy wrath!
You block the orc's attack. The warg bites you!
* * * LOW HITPOINT WARNING * * *
An orc comes into view. It is wielding a +0 flail.
You block the warg's attack. The orc warrior barely misses you.
The orc misses you. The warg bites you!!
You die...

.........#
.o.......#
>..o.....#
......o..###+#
.............
.....o.....
.......h.#
......o<@#
......o.......#
..##..........#
#..........#
#..........#
#..........#
#.....##...#
#.....# ...#


You could see a warg, 2 orc warriors and 4 orcs.

Vanquished Creatures
  A steam dragon (D:7)
  A water moccasin (D:8)
  An ice beast (D:4)
  An ogre (D:4)
  A phantom (D:7)
  A centaur (D:7)
  4 lemures
  A bullfrog (D:8)
  3 scorpions (D:4)
  3 killer bees (D:7)
  A quasit (D:9)
  5 hounds
  A bombardier beetle (D:5)
  2 jellies (D:4)
  An orc priest (D:8)
  3 iguanas
  A sleepcap (D:7)
  7 orc wizards
  6 gnolls
  5 adders
  2 shadow imps
  A white imp (D:7)
  4 ufetubi
  4 dart slugs
  4 ribbon worms (D:3)
  17 orcs
  2 ball pythons (D:3)
  12 endoplasms
  A giant cockroach (D:4)
  10 goblins
  6 hobgoblins
  9 kobolds
  2 quokkas
  3 training dummies (D:7)
  9 bats
  3 frilled lizards
  6 rats
144 creatures vanquished.

Vanquished Creatures (others)
  An orc wizard (D:8)
1 creature vanquished.

Grand Total: 145 creatures vanquished

Notes
Turn   | Place    | Note
-------+----------+-------------------------------------------
     0 | D:1      | dialectric the Minotaur Fighter began the quest for the
                  | Orb.
     0 | D:1      | Reached XP level 1. HP: 19/19 MP: 0/0
   173 | D:1      | Reached XP level 2. HP: 27/27 MP: 1/1
   553 | D:2      | Reached XP level 3. HP: 33/33 MP: 2/2
   787 | D:2      | Found a faded altar of an unknown god.
  1215 | D:3      | Reached XP level 4. HP: 41/41 MP: 3/3
  1561 | D:3      | Noticed a moth of wrath
  1564 | D:3      | Found a bloodstained altar of Trog.
  1664 | D:4      | Noticed Pikel
  1664 | D:4      | Noticed a lemure
  1664 | D:4      | Noticed a lemure
  1664 | D:4      | Noticed a lemure
  1664 | D:4      | Noticed a lemure
  1969 | D:3      | Killed a lemure
  2000 | D:3      | Killed a lemure
  2195 | D:3      | Reached XP level 5. HP: 46/47 MP: 4/4
  2560 | D:4      | Reached skill level 5 in Fighting
  2560 | D:4      | Reached skill level 5 in Armour
  2560 | D:4      | Reached skill level 5 in Shields
  2591 | D:4      | Reached XP level 6. HP: 40/56 MP: 3/5
  2746 | D:4      | Found a staircase to the Ecumenical Temple.
  3526 | D:5      | Entered Level 5 of the Dungeon
  3873 | D:4      | Reached skill level 5 in Maces & Flails
  3886 | D:4      | Reached XP level 7. HP: 26/62 MP: 2/6
  4284 | D:5      | Reached skill level 1 in Dodging
  4394 | D:5      | Got Jucheid's Catalogue of Limitation
  4492 | D:5      | Found an iron altar of Okawaru.
  4931 | D:7      | Reached XP level 8. HP: 61/71 MP: 7/7
  5226 | D:7      | Found Houfiam's Firing Range.
  5247 | D:7      | Bought a +2 heavy hand cannon for 219 gold pieces
  5361 | D:7      | Reached skill level 1 in Ranged Weapons
  5784 | D:8      | Found an opulent altar of Gozag.
  5804 | D:9      | Found a staircase to the Orcish Mines.
  5808 | D:9      | Slain by a warg

Illustrated notes

Levels and vault maps discovered:
D:1:      eino_arrival_water_cross, layout_rooms
D:2:      layout_basic, shapermc_ecumenical_altar_ellora,
          minmay_misc_feat_more_columns
D:3:      layout_rooms, tgw_trog, minmay_joined_circles
D:4:      layout_loops_corners, minmay_temple_entry_from_below_a, uniq_pikel
D:5:      layout_rooms, okawaru_ov_weapons_minmay
D:6:      hangedman_cross_stitches, layout_basic, kennysheep_pointless_box,
          kennysheep_generic_room_9, uniq_prince_ribbit1
D:7:      layout_loops_ring, nicolae_shop_firing_range
D:8:      layout_rooms, mainiacjoe_overflow_boulevard, grunt_gozag_statues,
          serial_demonic, serial_demonic_b, serial_demonic_g, serial_demonic_d,
          serial_demonic_a, minmay_gold_behind_fungi
D:9:      layout_stronghold, lemuel_round_altar, vehumet_altar_wand_db,
          nicolae_overflow_hidden_temple, nicolae_ashenzari_panopticon,
          david_orc_3

Skill      XL: |  1  2  3  4  5  6  7  8 |
---------------+-------------------------+-----
Fighting       | 4 5 6 7 |  7.3
Armour         | 4 5 6 7 |  7.3
Shields        | 4 5 6 7 |  7.6
Maces & Flails | 3 4 5 6 |  6.1
Dodging        | 1 3 |  3.1
Ranged Weapons | 3 |  3.2

Action                     |  1- 3 |  4- 6 |  7- 9 || total
---------------------------+-------+-------+-------++-------
  Melee: Flail             |    65 |    72 |       ||   137
         Headbutt          |     6 |    33 |    20 ||    59
         Whip              |       |    94 |    94 ||   188
   Fire: Hand cannon       |       |       |    43 ||    43
  Throw: Throwing net      |       |       |     1 ||     1
    Use: Potion            |       |     2 |     3 ||     5
         Scroll            |       |       |     9 ||     9
 Armour: Scale mail        |    49 |   155 |    51 ||   255
         Ring mail         |       |       |   111 ||   111
  Dodge: Dodged            |    47 |   110 |    98 ||   255
  Block: Buckler           |     4 |       |    20 ||    24

Table legend: (Time is in decaauts)
 A = Elapsed time spent in this place.
 B = Non-inter-level travel time spent in this place.
 C = Inter-level travel time spent in this place.
 D = Time resting spent in this place.
 E = Time spent auto-exploring this place.
 F = Levels seen in this place.
 G = Mean time per level.
                   A        B        C        D        E       F      G
               +--------+--------+--------+--------+--------+-----+--------+
         Total |   5877 |   5688 |    189 |    750 |   3540 |   9 |  653.0 |
       Dungeon |   5877 |   5688 |    189 |    750 |   3540 |   9 |  653.0 |
               +--------+--------+--------+--------+--------+-----+--------+

Top non-repeatable levels by time:
     D:4: 1766 daAuts
     D:3: 1160 daAuts
     D:7: 854 daAuts
     D:2: 794 daAuts
     D:1: 509 daAuts
     D:5: 478 daAuts
     D:6: 189 daAuts
     D:8: 116 daAuts
     D:9: 8 daAuts
